 Dungeon Crawl Stone Soup version bcrawl-1.41.1 (webtiles) character file.

Game seed: 10611686895906491601

345344 Grimmash the Basher (level 10, 0/107 HPs)
             Began as an Ent Archaeologist on Apr 18, 2024.
             Slain by an orc berserker
             ... wielding a +0 war axe
              (17 damage)
             ... on level 9 of the Dungeon.
             The game lasted 00:16:59 (9043 turns).

Grimmash the Basher (Ent Archaeologist)             Turns: 9043, Time: 00:16:59

Health: 0/107      AC: 19    Str: 23    XL:     10   Next: 94%
Magic:  13/13      EV:  6    Int: 10    God:
Gold:   441        SH: 25    Dex:  8    Spells: 9/9 levels left

rFire    . . .     GDR:     29% a - +10 dark maul {crush}
rCold    . . .     SeeInvis .   h - +10 large shield of Ignorance {rN+ Int-4}
rNeg     + + +     Gourm    .   (armour unavailable)
rPois    +         Faith    .   c - +1 hat
rElec    .         Spirit   .   E - +0 cloak
rCorr    .         Reflect  .   (gloves unavailable)
MR       +....                  (boots unavailable)
Stlth    ++++......             L - amulet of regeneration
HPRegen  0.66/turn              I - ring of stealth
MPRegen  0.13/turn              (no ring)

@: studying Maces & Flails, very slow
A: large, slow actions, passwall, strong branches, mutation resistance 1,
negative energy resistance 3, poison resistance, slow metabolism 1, torment
resistance, unbreathing, AC +17
a: Passwall


You were on level 9 of the Dungeon.
You were hungry.

You visited 2 branches of the dungeon, and saw 11 of its levels.

You collected 642 gold pieces.
You spent 201 gold pieces at shops.

Inventory:

Hand Weapons
 a - the +10 dark maul (weapon) {crush}
   (You acquired it on level 3 of the Dungeon)

   It will always inflict at least some extra damage.
   This minimum extra damage increases with your current reserve of magical
   power.
 b - a +2 arbalest of flaming
 k - a +0 war axe
 r - a +0 blowgun
 w - a +0 flail
 D - a +0 longbow
Missiles
 d - 6 curare-tipped needles
 o - 770 bolts
 q - 3 throwing nets {=f}
 t - 165 poisoned needles
 C - 1567 arrows
 M - 293 poisoned tomahawks (quivered)
Armour
 c - a +1 hat (worn)
 h - the +10 large shield of Ignorance (worn) {rN+ Int-4}
   (You took it off an orc priest on level 4 of the Dungeon)

   It affects your intelligence (-4).
   It protects you from negative energy.
 E - a +0 cloak (worn)
Jewellery
 B - an uncursed ring of flight {unknown}
 I - a ring of stealth (left hand)
 L - an amulet of regeneration (around neck)
Wands
 v - a wand of flame (10)
 x - a wand of iceblast (17)
Scrolls
 g - 3 scrolls of revelation
 i - 11 scrolls of identify
 j - 9 scrolls of remove curse
 p - 4 scrolls of amnesia
 s - 9 scrolls of teleportation
 u - 3 scrolls of immolation
 y - 3 scrolls of enchant armour {unknown}
 z - a scroll of blinking {unknown}
 A - a scroll of torment {unknown}
 K - a scroll of enchant weapon {unknown}
Potions
 f - a potion of resistance {unknown}
 l - 2 potions of mutation
 m - 3 potions of curing
 n - 2 potions of degeneration
 F - a potion of invisibility {unknown}
 G - 3 potions of might {unknown}
 H - a potion of flight {unknown}
 J - a potion of haste {unknown}
Comestibles
 e - 18 rations {!d}
 N - a chunk of flesh


   Skills:
 * Level 6.3 Fighting
 + Level 0.6(5.5) Axes
 * Level 13.2 Maces & Flails
 + Level 2.8 Crossbows
 + Level 0.9 Throwing
 * Level 7.3 Dodging
 + Level 5.1 Stealth
 * Level 5.2 Shields
 * Level 5.1 Evocations


You had 9 spell levels left.
You didn't know any spells.
Your spell library contained the following spells:

 Spells                   Type           Power        Failure   Level  Hunger
 Magic Dart               Conj           #...         100%        1    None
 Sting                    Conj/Pois      #...         100%        1    None
 Poisonous Vapours        Pois/Air       #.....       100%        2    ####...
 Searing Ray              Conj           #.......     100%        2    ####...
 Ignite Poison            Fire/Tmut/Pois #.......     100%        3    #####..
 Iskenderun's Mystic Bla  Conj           #.......     100%        3    #####..
 Fulminant Prism          Conj/Hex       #.........   100%        4    ######.
 Olgreb's Toxic Radiance  Pois           #........    100%        4    ######.
 Summon Scorpions         Summ/Pois      #.......     100%        4    ######.
 Irradiate                Conj/Tmut      #.........   100%        5    #######
 Venom Bolt               Conj/Pois      #.........   100%        5    #######


Dungeon Overview and Level Annotations

Branches:
Dungeon (10/12)            Temple (1/1) D:6            Lair (0/6) D:9
    Orc (0/1) D:10

Altars:
Ashenzari
Dithmenos
Elyvilon
Fedhas
Gozag
Lugonu
Makhleb
Nemelex Xobeh
Okawaru
Qazlal
Ru
Sif Muna
Trog
Uskayaw
Vehumet
Wu Jian
Xom
Yredelemnul
Zin
The Shining One

Shops:
D:5 (   D:7 =   D:8 ?(%[


Innate Abilities, Weirdness & Mutations

You move and act slowly.
You can pass through walls and trees.
Your branches can wield two-handed weapons with a shield.
Your thick bark is tough. (AC +17)
You are too large for most types of armour.
You are immune to negative energy. (rN+++)
Your system is resistant to poisons. (rPois)
You have a slow metabolism.
You are immune to unholy pain and torment.
You can survive without breathing.
You are somewhat resistant to further mutation.


Message History

A mysterious force pulls you upwards. The hatch slams shut behind you.
No path to travel!
You closely miss the orc berserker.
The orc berserker hits you with a +0 war axe.
You block the orc berserker's attack. x2; The orc berserker closely misses you.
The orc berserker hits you with a +0 war axe.
The orc berserker hits you with a cursed +0 war axe!!
The orc berserker hits you with a +0 war axe!!
You block the orc berserker's attack.
No path to travel!
You bludgeon the orc berserker!!
The orc berserker is severely wounded.
You block the orc berserker's attack.
The orc berserker hits you with a cursed +0 war axe!
You block the orc berserker's attack.
The orc berserker hits you with a +0 war axe!!
* * * LOW HITPOINT WARNING * * *
The orc berserker hits you but does no damage.
The orc berserker hits you with a +0 war axe!
You die...

.....# #........≈≈≈..≈≈.≈≈≈..≈..
###..# #..).....≈......≈≈.≈..≈≈≈
.....####..)..)...........)......
####...........'.............###.
#..............#......[.....####.
......###.#....#..............###
......# #.#....#..............#
......# #.#....#.o...<........#
#.#######.######@o..........###
#.........# ##........#'###
...######## #.......#.#.# ....#
#.......#.#.# ....#
######.......#.#.# ....#
#............#.#.####### ....#
#...[........#.#........ ....#
#............#.#####.... ....#
######.......#.# #.##.


You could see 2 orc berserkers.

Vanquished Creatures
  A centaur warrior (D:10)
  Pikel (D:6)
  An orc sorcerer (D:9)
  Joseph (D:7)
  4 trolls
  A hippogriff (D:8)
  Sigmund (D:5)
  A shadow (D:8)
  A hungry ghost (D:10)
  2 orc warriors
  3 sky beasts
  2 ice beasts
  2 black bears (D:8)
  A slave (D:6)
  2 ogres
  4 wolves (D:9)
  A boggart (D:6)
  A blink frog skeleton (D:7)
  9 bullfrogs
  A rime drake skeleton (D:10)
  A wyvern zombie (D:10)
  7 centaurs
  3 scorpions
  3 killer bees (D:10)
  3 electric eels (D:9)
  6 orc priests
  4 crimson imps
  6 hounds
  3 jellies
  2 bullfrog skeletons
  2 bullfrog zombies
  4 orc wizards
  An iguana (D:4)
  3 worker ants
  A porcupine skeleton (D:10)
  A hound zombie (D:5)
  A hound skeleton (D:6)
  3 worker ant zombies
  Robin (D:3)
  8 gnolls
  4 adders
  A shadow imp (D:8)
  2 oozes
  2 adder skeletons
  6 worms
  A dart slug (D:1)
  4 leopard geckos
  20 orcs
  9 bats
  A giant cockroach (D:1)
  13 goblins
  7 hobgoblins
  11 jackals
  13 kobolds
  2 quokkas
  A ball python (D:1)
  6 frilled lizards
  A jackal skeleton (D:6)
  8 rats
215 creatures vanquished.

Vanquished Creatures (others)
  2 slaves (D:7)
2 creatures vanquished.

Grand Total: 217 creatures vanquished

Notes
Turn   | Place    | Note
-------+----------+-------------------------------------------
     0 | D:1      | Grimmash the Ent Archaeologist began the quest for the Orb.
     0 | D:1      | Reached XP level 1. HP: 21/21 MP: 1/1
   171 | D:1      | Reached XP level 2. HP: 29/29 MP: 2/2
   710 | D:1      | Reached XP level 3. HP: 36/36 MP: 3/3
  1041 | D:2      | Reached skill level 2 in Maces & Flails
  1070 | D:2      | Reached skill level 1 in Evocations
  1315 | D:2      | Reached XP level 4. HP: 40/44 MP: 4/4
  1751 | D:3      | Found a white marble altar of Elyvilon.
  1904 | D:3      | Noticed Robin
  1912 | D:3      | Killed Robin
  2223 | D:3      | Reached XP level 5. HP: 49/53 MP: 6/6
  2223 | D:3      | Identified a scroll of acquirement
  2223 | D:3      | Identified the amulet "Taddeku" {Spirit *Slow Str+5 Stlth+}
                  | (You acquired it on level 3 of the Dungeon)
  2224 | D:3      | Found the +10 dark maul {crush}
  2235 | D:3      | Found a shadowy altar of Dithmenos.
  2801 | D:4      | Reached skill level 3 in Maces & Flails
  2831 | D:4      | Found a shattered altar of Ashenzari.
  2856 | D:4      | Noticed a sky beast
  2918 | D:4      | Gained mutation: You are somewhat resistant to further
                  | mutation. [potion of mutation]
  2950 | D:4      | Reached XP level 6. HP: 21/63 MP: 7/7
  3379 | D:3      | Reached skill level 4 in Maces & Flails
  3630 | D:4      | Killed a sky beast
  4138 | D:4      | Reached XP level 7. HP: 69/71 MP: 8/8
  4145 | D:4      | Reached skill level 5 in Maces & Flails
  4145 | D:4      | Reached skill level 1 in Shields
  4376 | D:5      | Entered Level 5 of the Dungeon
  4637 | D:5      | Found Fogoiluf's Weapon Shoppe.
  4643 | D:5      | Reached skill level 5 in Dodging
  4644 | D:5      | Bought a +2 arbalest of flaming for 201 gold pieces
  4904 | D:5      | Found an ancient bone altar of Kikubaaqudgha.
  4953 | D:5      | Reached skill level 6 in Maces & Flails
  5028 | D:5      | Noticed Sigmund
  5030 | D:5      | Killed Sigmund
  5031 | D:5      | Reached XP level 8. HP: 81/81 MP: 9/9
  5644 | D:6      | Reached skill level 7 in Maces & Flails
  5859 | D:6      | Identified the cursed +3 war axe "Paiwadghi" {freeze, rElec
                  | rC+ MP-9 Str+3}
  6143 | D:6      | Found a staircase to the Ecumenical Temple.
  6145 | D:6      | Reached skill level 1 in Crossbows
  6154 | Temple   | Entered the Ecumenical Temple
  6432 | D:6      | Found an ornate altar of the Wu Jian Council.
  6578 | D:6      | Found a glowing golden altar of the Shining One.
  6749 | D:7      | Found a blossoming altar of Fedhas.
  6753 | D:7      | Noticed Pikel
  6761 | D:6      | Killed Pikel
  6762 | D:6      | Reached skill level 8 in Maces & Flails
  6762 | D:6      | Reached XP level 9. HP: 89/92 MP: 11/11
  6925 | D:7      | Noticed Joseph
  6931 | D:7      | Killed Joseph
  6971 | D:7      | Found Oma Bij's Jewellery Boutique.
  7089 | D:8      | Reached skill level 5 in Fighting
  7095 | D:8      | Reached skill level 9 in Maces & Flails
  7100 | D:8      | Identified the +6 flail of Descent {crush, Dex+8} (You
                  | acquired it on level 8 of the Dungeon)
  7100 | D:8      | Identified the ring of Hiojeifuch {rElec rPois rC++ rN+
                  | Str+3} (You acquired it on level 8 of the Dungeon)
  7135 | D:8      | Found Isaut's Magic Scroll Boutique.
  7161 | D:8      | Found Sujiklorubb's Antique Weapon Shoppe.
  7184 | D:8      | Noticed a troll
  7189 | D:8      | Killed a troll
  7248 | D:8      | Found Venotiegh's Food Shop.
  7323 | D:8      | Found a bloodstained altar of Trog.
  7345 | D:8      | Reached skill level 10 in Maces & Flails
  7510 | D:8      | Found Finautt's Armour Shop.
  7607 | D:8      | Reached XP level 10. HP: 103/103 MP: 13/13
  8203 | D:9      | Reached skill level 11 in Maces & Flails
  8248 | D:9      | Found a staircase to the Lair.
  8447 | D:9      | Reached skill level 12 in Maces & Flails
  8589 | D:9      | Found an ancient bone altar of Kikubaaqudgha.
  8745 | D:9      | Noticed an orc sorcerer
  8754 | D:9      | Paralysed by an orc sorcerer for 2 turns
  8758 | D:9      | Reached skill level 5 in Stealth
  8758 | D:9      | Reached skill level 5 in Shields
  8759 | D:9      | Killed an orc sorcerer
  8893 | D:10     | Entered Level 10 of the Dungeon
  8948 | D:10     | Reached skill level 5 in Evocations
  9015 | D:10     | Noticed a centaur warrior
  9020 | D:10     | Killed a centaur warrior
  9021 | D:10     | Reached skill level 13 in Maces & Flails
  9033 | D:10     | Found a staircase to the Orcish Mines.
  9043 | D:9      | Slain by an orc berserker

Skill      XL: |  1  2  3  4  5  6  7  8  9 10 |
---------------+-------------------------------+-----
Dodging        | 3 4 5 6 7 |  7.3
Stealth        | 4 5 |  5.1
Maces & Flails | 2 3 4 6 8 10 13 | 13.2
Evocations     | 1 2 3 4 5 |  5.1
Fighting       | 2 3 4 5 6 |  6.3
Shields        | 2 3 4 5 |  5.2
Crossbows      | 1 2 |  2.8
Axes           | |  0.6
Throwing       | |  0.9

Action                   |  1- 3 |  4- 6 |  7- 9 | 10-12 || total
-------------------------+-------+-------+-------+-------++-------
Melee: Whip              |   113 |       |       |       ||   113
       War axe           |    37 |    41 |    15 |       ||    93
       Flail             |       |   115 |    28 |       ||   143
       Maul              |       |    38 |    95 |    53 ||   186
 Fire: Blowgun           |       |     3 |       |       ||     3
       Arbalest          |       |       |    43 |    21 ||    64
Throw: Tomahawk          |       |       |       |    19 ||    19
Evoke: Wand              |       |       |       |     5 ||     5
  Use: Scroll            |       |     9 |     3 |       ||    12
       Potion            |       |     5 |       |       ||     5
 Stab: Sleeping          |     6 |     4 |     5 |     1 ||    16
  Eat: Chunk             |     5 |    12 |    16 |     7 ||    40
       Ration            |       |     1 |     2 |     1 ||     4
Armor: Skin              |   110 |   263 |   200 |    70 ||   643
Dodge: Dodged            |   118 |   200 |    40 |    20 ||   378
Block: Large shield      |       |    98 |   302 |   125 ||   525
